 Dungeon Crawl Stone Soup version 0.18.1-5-g4a78601 (webtiles) character file.

79 Chemotherapy the Cudgeler (level 4, -5/28 HPs)
             Began as a Gargoyle Fighter on May 13, 2016.
             Was an Initiate of the Shining One.
             Slain by Shadowablaze's ghost (6 damage)
             ... on level 3 of the Dungeon.
             The game lasted 00:02:49 (1429 turns).

Chemotherapy the Cudgeler (Gargoyle Fighter)        Turns: 1429, Time: 00:02:49

Health: -5/28      AC: 12    Str: 24    XL:     4   Next: 37%
Magic:  4/4        EV:  7    Int:  9    God:    the Shining One [......]
Gold:   183        SH:  9    Dex: 10    Spells: 0 memorised, 3 levels left

rFire  . . .     SeeInvis .     n - +2 whip (elec)
rCold  . . .     Gourm    .     b - +0 scale mail
rNeg   + . .     Faith    .     c - +0 shield
rPois  ∞         Spirit   .     (no helmet)
rElec  +         Dismiss  .     (no cloak)
rCorr  .         Reflect  .     q - +0 pair of gloves
SustAt .         Harm     .     j - +0 pair of boots
MR     .....                    (no amulet)
Stlth  +.........               (no ring)
                                e - ring of stealth {Stlth+}

@: mighty, glowing, not resistant to hostile enchantments, very unstealthy
A: negative energy resistance 1, electricity resistance, unbreathing,
petrification resistance, rot immunity, AC +3
a: Renounce Religion


You were on level 3 of the Dungeon.
You worshipped the Shining One.
The Shining One was noncommittal.
You were not hungry.

You visited 1 branch of the dungeon, and saw 3 of its levels.

You collected 183 gold pieces.

Inventory:

Hand Weapons
 a - a +0 flail
 n - a +2 whip of electrocution (weapon)
   (You found it on level 1 of the Dungeon)
Armour
 b - a +0 scale mail (worn)
 c - a +0 shield (worn)
 j - a +0 pair of boots (worn)
   (You found it on level 1 of the Dungeon)
 q - a +0 pair of gloves (worn)
   (You found it on level 2 of the Dungeon)
Jewellery
 e - a ring of stealth (left hand) {Stlth+}
   (You found it on level 1 of the Dungeon)
Wands
 s - a wand of iceblast (7/15)
   (You found it on level 2 of the Dungeon)
Scrolls
 g - a scroll of magic mapping {unknown}
 k - a scroll of fog {unknown}
 m - 2 scrolls of remove curse {unknown}
 o - 2 scrolls of enchant armour {unknown}
 p - 3 scrolls of random uselessness {unknown}
 r - a scroll of immolation {unknown}
 u - 2 scrolls of identify {unknown}
Potions
 d - a potion of might
 h - a potion of curing {unknown}
 i - a potion of haste {unknown}
 t - a potion of resistance {unknown}
 x - a potion of berserk rage {unknown}
Comestibles
 f - a bread ration {@e1}
 l - a slice of pizza
 v - a meat ration {@e2}
 w - 3 chunks of flesh {@w0}


   Skills:
 + Level 3.3 Fighting
 * Level 4.4 Maces & Flails
 - Level 3.2 Armour
 + Level 3.2 Shields


You had 3 spell levels left.
You didn't know any spells.

Dungeon Overview and Level Annotations

Branches:
Dungeon (3/15)

Altars:
Pakellas
Trog
The Shining One

Annotations:
D:3 Shadowablaze's ghost, amateur HOFi


Innate Abilities, Weirdness & Mutations

You are resistant to torment.
Your stone body is resilient (AC +3).
You are immune to poison.
You resist negative energy.
You are resistant to electric shocks.
You can survive without breathing.
You are immune to petrification.
You are immune to rotting.


Message History

You block the bat's attack.
You barely miss the bat. You block the bat's attack.
Your shield and scale mail prevent you from hitting the hobgoblin.
The bat barely misses you. The hobgoblin barely misses you.
A worm comes into view.
You hit the hobgoblin.
There is a sudden explosion of sparks!
You kill the hobgoblin!
The bat hits you but does no damage.
Your shield and scale mail prevent you from hitting the bat.
You block the bat's attack.
You hit the bat. You block the bat's attack.
The bat hits you but does no damage. The bat hits you but does no damage.
The bat hits you but does no damage. You block the bat's attack.
The bat closely misses you. The bat hits you but does no damage.
The bat barely misses you. The bat hits you but does no damage.
You hit the bat.
You kill the bat!
You hit the worm.
There is a sudden explosion of sparks!
You kill the worm!
No target in view!
No target in view!
You see here a worm corpse.
You butcher the worm corpse.
w - 4 chunks of flesh {@w0} (gained 3)
Things that are here:
a club; a hobgoblin corpse Eating one of 4 chunks of flesh {@w0}.
You continue eating. x2
A hobgoblin comes into view. It is wielding a club.
The hobgoblin shouts!
The hobgoblin moves out of view.
The hobgoblin is too close now for your liking.
The hobgoblin hits you but does no damage.
Found a glowing golden altar of the Shining One.
You hit the hobgoblin.
There is a sudden explosion of sparks!
You kill the hobgoblin!
No target in view!
You now have 174 gold pieces (gained 14).
You now have 183 gold pieces (gained 9).
You open the door.
Found a bloodstained altar of Trog.
There is an open door here.
There is an open door here.
There is a glowing golden altar of the Shining One here.
You kneel at the altar of the Shining One.
The Shining One welcomes you!
A rat comes into view.
A rat is nearby!
You closely miss the rat. You block the rat's attack.
You closely miss the rat. The rat barely misses you.
You hit the rat.
There is a sudden explosion of sparks!
You kill the rat!
No target in view!
No target in view!
A rat comes into view.
A rat is nearby!
You closely miss the rat. You block the rat's attack.
You hit the rat.
There is a sudden explosion of sparks!
You kill the rat!
No target in view!
No target in view!
Done exploring.
Done exploring.
Done exploring.
(D) Dungeon
Where to? (Enter - D:2, ? - help)
There is a stone staircase leading down here.
You climb downwards.
You hear the sound of rushing water.
There is an entrance to a sewer on this level.
Hurry and find it before the portal rusts away!
There is a stone staircase leading up here.
Unknown command.
x - a fizzy emerald potion No target in view!
No target in view!
No target in view!
An adder and a player ghost come into view.
Found a stone staircase leading up.
Found an escape hatch in the floor.
You hit the adder.
There is a sudden explosion of sparks!
You kill the adder!
Shadowablaze's ghost hits you!
Ouch! That really hurt!
You take 14 damage, and have 14/28 hp.
MASSIVE DAMAGE!!
Drink which item? (? for menu, Esc to quit)
You feel very mighty all of a sudden. Shadowablaze's ghost hits you!
* * * LOW HITPOINT WARNING * * *
You take 9 damage, and have 5/28 hp.
MASSIVE DAMAGE!!
You hit Shadowablaze's ghost. Shadowablaze's ghost hits you.
* * * LOW HITPOINT WARNING * * *
You take 4 damage, and have 1/28 hp.
You hit Shadowablaze's ghost.
There is a sudden explosion of sparks!
Shadowablaze's ghost hits you.
You die...

..... ...S .##. ... .
..< #W. ...# ..###.# #.
!....####
##...#######.......#####
.........@W............
.#....######.##.##.#.#
##.. #.##....<.# ...
#..####.#.# ..>
#####...###.#... ..
#............##### .
)#####...##### ##.## #.#


You could see Shadowablaze's ghost.

Vanquished Creatures
  An adder (D:3)
  An ooze (D:2)
  4 worms (D:2)
  2 dart slugs
  3 giant geckos
  6 giant cockroaches
  6 hobgoblins
  2 jackals (D:2)
  A ball python (D:1)
  4 bats
  A giant newt (D:1)
  7 goblins
  A kobold (D:2)
  8 rats
47 creatures vanquished.

Notes
Turn   | Place    | Note
--------------------------------------------------------------
     0 | D:1      | Chemotherapy the Gargoyle Fighter began the quest for the Orb.
     0 | D:1      | Reached XP level 1. HP: 14/14 MP: 1/1
    99 | D:1      | Reached XP level 2. HP: 19/19 MP: 2/2
   157 | D:1      | Reached skill level 3 in Maces & Flails
   662 | D:2      | Reached XP level 3. HP: 22/23 MP: 3/3
  1095 | D:2      | Reached skill level 4 in Maces & Flails
  1161 | D:2      | Found an oddly glowing altar of Pakellas.
  1267 | D:2      | Reached XP level 4. HP: 28/28 MP: 4/4
  1329 | D:2      | Found a glowing golden altar of the Shining One.
  1359 | D:2      | Found a bloodstained altar of Trog.
  1368 | D:2      | Became a worshipper of the Shining One
  1418 | D:3      | Noticed Shadowablaze's ghost (amateur HOFi)
  1427 | D:3      | HP: 5/28 [Shadowablaze's ghost (9)]
  1428 | D:3      | HP: 1/28 [Shadowablaze's ghost (4)]
  1429 | D:3      | Slain by Shadowablaze's ghost

Skill      XL: |  1  2  3 |
---------------+----------+-----
Maces & Flails | 3 4 |  4.4
Fighting       | |  3.3
Armour         | |  3.2
Shields        | |  3.2

Action                   |  1- 3 |  4- 6 || total
-------------------------+-------+-------++-------
Melee: Flail             |    48 |       ||    48
       Whip              |    75 |    23 ||    98
  Use: Potion            |       |     1 ||     1
  Eat: Chunk             |     1 |     1 ||     2
Armor: Scale mail        |    56 |     8 ||    64
Dodge: Dodged            |    38 |     6 ||    44
Block: Shield            |    48 |     9 ||    57

Vault maps used:
D:1:      matt_arrival_diagonals, serial_forest, infiniplex_forest_straight_1,
          infiniplex_forest_end_double, infiniplex_forest_lined_2,
          infiniplex_forest_zigzag_2, infiniplex_forest_3_way,
          infiniplex_forest_end_3
D:2:      forest_paths, lightli_temple_of_fire, lemuel_crystal_altar,
          lemuel_coloured_pillars_altar
D:3:      gup_sewer_entry_bowl, first_bread, uniq_iyjb, uniq_grinder

Table legend:
 A = Turns spent in this place as a percentage of turns spent in the entire game.
 B = Non-inter-level travel turns spent in this place as a percentage of non-inter-level travel turns spent in the entire game.
 C = Inter-level travel turns spent in this place as a percentage of turns spent in this place.
 D = Turns resting spent in this place as a percentage of non-inter-level travel turns spent in this place.
 E = Turns spent auto-exploring this place as a percentage of non-inter-level travel turns spent in this place.
 F = Non-inter-level travel turns spent in this place divided by the number of levels of this place that you've seen.
                   A       B       C       D       E      F
               +-------+-------+-------+-------+-------+----------------------
         Total | 100.0 | 100.0 |   0.4 |   0.0 |  14.6 | 148.7
       Dungeon | 100.0 | 100.0 |   0.4 |   0.0 |  14.6 | 148.7
               +-------+-------+-------+-------+-------+----------------------

Table legend:
 A = Kills in this place as a percentage of kills in entire the game.
 B = Kills by you in this place as a percentage of kills by you in the entire game.
 C = Kills by friends in this place as a percentage of kills by friends in the entire game.
 D = Other kills in this place as a percentage of other kills in the entire game.
 E = Experience gained in this place as a percentage of experience gained in the entire game.
 F = Experience gained in this place divided by the number of levels of this place that you have seen.
                   A       B       C       D       E      F
               +-------+-------+-------+-------+-------+----------------------
         Total | 100.0 | 100.0 |  -nan |  -nan | 100.0 |  37.7
       Dungeon | 100.0 | 100.0 |  -nan |  -nan | 100.0 |  37.7
               +-------+-------+-------+-------+-------+----------------------
